 Dungeon Crawl Stone Soup version 0.17-a0-2171-ga91b4ec (webtiles) character file.

368 matakusis the Ducker (level 6, -2/47 HPs)
             Began as a Demonspawn Gladiator on Oct 25, 2015.
             Slain by Sigmund
             ... wielding a +2 scythe of protection
              (8 damage)
             ... on level 4 of the Dungeon.
             The game lasted 00:14:40 (3247 turns).

matakusis the Ducker (Demonspawn Gladiator)         Turns: 3247, Time: 00:14:40

Health: -2/47      AC:  8    Str: 20    XL:     6   Next: 41%
Magic:  6/6        EV: 15    Int: 10    God:
Gold:   213        SH:  0    Dex: 19    Spells: 0 memorised, 5 levels left

rFire  . . .     SeeInvis .     a - +1 war axe
rCold  . . .     Clarity  .     b - +0 leather armour
rNeg   + . .     SustAt   .     (no shield)
rPois  .         Gourm    .     c - +0 helmet
rElec  .         Spirit   .     n - +0 cloak
rCorr  .         Warding  .     l - +2 pair of gloves
rMut   .         Stasis   .     (no boots)
MR     .....                    (no amulet)
Stlth  +.........               k - ring of positive energy
                                g - +4 ring of dexterity

@: confused, mighty, not resistant to hostile enchantments, very unstealthy
A: powered by pain 2
a: no special abilities


You were on level 4 of the Dungeon.
You were not hungry.

You visited 1 branch of the dungeon, and saw 4 of its levels.

You collected 213 gold pieces.

Inventory:

Hand Weapons
 a - a +1 war axe (weapon)
Missiles
 q - 16 poisoned needles
Armour
 b - a +0 leather armour (worn)
 c - a +0 helmet (worn)
 l - a +2 pair of gloves (worn)
 n - a +0 cloak (worn)
Jewellery
 g - a +4 ring of dexterity (left hand)
 k - a ring of positive energy (right hand)
Scrolls
 f - 2 scrolls of identify
Potions
 o - 2 potions of flight
Comestibles
 e - 3 bread rations
 h - 2 chunks of flesh
 j - 6 fruits
 m - 3 slices of pizza
 r - a royal jelly
 s - a meat ration


   Skills:
 + Level 3.0 Fighting
 + Level 3.4 Axes
 + Level 1.8 Throwing
 + Level 1.9 Armour
 * Level 5.3 Dodging


You had 5 spell levels left.
You didn't know any spells.

Dungeon Overview and Level Annotations

Branches:
Dungeon (4/15)
 Temple: D:4-7

Altars:
Ru
Sif Muna
The Shining One

Annotations:
D:4 Sigmund


Innate Abilities, Weirdness & Mutations

You sometimes gain power by taking damage.


Message History

You have reached level 6!
Your experience leads to an increase in your attributes!
Your base attributes are Str 15, Int 10, Dex 14.
Increase (S)trength, (I)ntelligence, or (D)exterity?
You feel agile.
You hear some strange, mumbled words.
Something tries to affect you, but you resist.
Something hits you but does no damage.
Things that are here:
a flail of protection; a glowing leather armour; a throwing net Something hits you!
* * * LOW HITPOINT WARNING * * *
Drink which item? (? for menu, Esc to quit)
Okay, then.
You hear some strange, mumbled words.
You are confused.
Something barely misses you.
You bump into the rock wall.
Something hits you!
You die...

#..................
###########..####.
#..........
#.#############
#.#.. .....# #.#..
.... #.#..######.###
#.#....(....#[## #
#.##.@.........#...#
#.#[...............#
#.#######.)#########
#..................
############.......
#######


There were no monsters in sight!

Vanquished Creatures
  Edmund (D:4)
  An orc wizard (D:2)
  12 adders
  2 oozes
  An adder skeleton (D:4)
  3 worms
  3 giant geckos
  8 orcs (D:3)
  A ball python (D:1)
  7 bats
  3 giant cockroaches
  16 hobgoblins
  A jackal (D:2)
  12 kobolds
  3 giant newts
  10 goblins
  8 rats
92 creatures vanquished.

Notes
Turn   | Place    | Note
--------------------------------------------------------------
     0 | D:1      | matakusis the Demonspawn Gladiator began the quest for the Orb.
     0 | D:1      | Reached XP level 1. HP: 16/16 MP: 1/1
   225 | D:1      | Reached skill level 3 in Dodging
   311 | D:1      | Gained mutation: You sometimes gain a little power by taking damage. [demonic ancestry]
   311 | D:1      | Reached XP level 2. HP: 22/22 MP: 2/2
   904 | D:1      | Gained mutation: You sometimes gain power by taking damage. [demonic ancestry]
   904 | D:1      | Reached XP level 3. HP: 28/28 MP: 3/3
  1557 | D:2      | Reached skill level 1 in Armour
  1564 | D:2      | Found a sacrificial altar of Ru.
  1575 | D:2      | Reached XP level 4. HP: 30/34 MP: 4/4
  1706 | D:2      | Reached skill level 4 in Dodging
  1901 | D:2      | Reached XP level 5. HP: 33/39 MP: 5/5
  2610 | D:3      | Found a glowing golden altar of the Shining One.
  3119 | D:3      | Found a deep blue altar of Sif Muna.
  3205 | D:4      | Noticed Edmund
  3206 | D:4      | Noticed Sigmund
  3237 | D:4      | Killed Edmund
  3237 | D:4      | Reached skill level 5 in Dodging
  3237 | D:4      | Reached XP level 6. HP: 14/47 MP: 6/6
  3247 | D:4      | Slain by Sigmund

Vault maps used:
D:1:      minmay_arrival_radiant_lines
D:2:      forest_paths, grunt_ministairs_8, nicolae_ru_great_annihilating_truth
D:3:      corexii_shack_village, lemuel_blue_sif_altar, minmay_statues_item,
          tso_metal_star
D:4:      minmay_temple_entry_trees, first_bread, sigmund_edmund_badplayer

Action                   |  1- 3 |  4- 6 || total
-------------------------+-------+-------++-------
Melee: War axe           |   124 |   210 ||   334
Throw: Throwing net      |       |     3 ||     3
  Use: Scroll            |       |    10 ||    10
       Potion            |       |     2 ||     2
 Stab: Sleeping          |     3 |     1 ||     4
       Paralysed         |       |     1 ||     1
  Eat: Chunk             |     2 |     6 ||     8
